 Dungeon Sprint DCSS version 0.04.2-19-ga012a504bd (webtiles) character file.

Game seed: 1687271564478079323, levelgen mode: deterministic

81350 diana the Phalangite (level 15, -3/216 (222) HPs) Merfolk Gladiator. Began on May 22, 2021. Killed by divine providence ... invoked by a greater mummy (14 damage) ... in the Dungeon (Sprint V: "Ziggurat Sprint"). The game lasted 00:23:56 (2647 turns).

diana the Phalangite (Merfolk Gladiator)            Turns: 2647, Time: 00:23:57

HP:   -3/216 (222)  AC: 41    Str: 33    XL:     15 ^: 12664
MP:   17/19         EV: 24    Int:  8    God:
Gold: 0             SH:  0    Dex: 16    Spells: 14/14 levels left

rFire    + . .     Vision   +   J - +13 scythe of Curses {drain, Soulbond}
rCold    + + .     Gourm    .   (also wielding the above weapon)
rNeg     + + .     Faith    .   l - +12 gold dragon scales
rPois    +         Spirit   .   a - +2 helmet {+Vis}
rElec    .         Reflect  .   O - +0 cloak {+Inv}
rCorr    .         Harm     .   (no gloves)
MR       +....     NoTele   +   K - +0 pair of boots {Stlth+}
Stlth    ..........             P - amulet of Vitality {Regen+ HP+15}
HPRegen  0.00/turn              D - ring of strength
MPRegen  0.29/turn              Z - ring "Ciaxkidi" {rN++ Str+3 Stlth+}

@: berserking, very slightly contaminated, non-regenerating, diseased, very
quick
A: cold resistance 1, merfolk tail
a: Evoke Invisibility


You were in the Dungeon.
You were very hungry.

You visited 1 branch

Inventory:

Weapons
 J - the +13 scythe of Curses (weapon) {drain, Soulbond}
   (You found it in the Dungeon)

   A truly terrible weapon, it drains the life of those it strikes.
   When equipped, it binds to the wielder's soul until they gain enough
   experience to unwield again.
 L - a +5 demon trident Shields
 R - the +2 shield of Resistance {rF+ rC+ MR+}
   (You found it in the Dungeon)

   Base shield rating: 8 Skill to remove penalty: 15.0 It protects you from
   fire.
   It protects you from cold.
   It affects your resistance to hostile enchantments.
 W - the +3 warlock's mirror {reflect}
   (You found it in the Dungeon)

   Base shield rating: 3 Skill to remove penalty: 4.0 With your current SH, it
   has a 0% chance to reflect enchantments and other normally unblockable
   effects.
Armour
 a - a +2 helmet of improved vision (worn)
 l - +12 gold dragon scales (worn)
 I - the +15 Maxwell's patent armour {-Cast -Tele rElec MR+ rCorr}
   (You found it in the Dungeon)

   It insulates you from electricity.
   It affects your resistance to hostile enchantments.
   It prevents spellcasting.
   It prevents most forms of teleportation.
   It provides partial protection from all sources of acid and corrosion.
 K - a +0 pair of boots of stealth (worn)
 O - a +0 cloak of invisibility (worn)
 X - the +0 helmet of Knowledge {rElec rF+ MR- Str+3}
   (You found it in the Dungeon)

   It affects your strength (+3).
   It protects you from fire.
   It insulates you from electricity.
   It affects your resistance to hostile enchantments.
Jewellery
 r - an uncursed ring of intelligence
 C - an uncursed ring of intelligence
 D - a ring of strength (left hand)
 E - an uncursed ring of strength
 M - the ring of Osi Foijaheq {-Vis rElec rPois Int+7 Stlth-}
   (You took it off an orc warrior in the Dungeon)

   [ring of poison resistance]

   It affects your intelligence (+7).
   It insulates you from electricity.
   It protects you from poison.
   It blurs your vision.
   It makes you less stealthy.
 N - the cursed amulet "Naxat" {-Vis rC+ rN+ MR+, (Curse: rF-)}
   (You found it in the Dungeon)

   [amulet of reduced vision]

   It blurs your vision.
   It protects you from cold.
   It protects you from negative energy.
   It affects your resistance to hostile enchantments.
   It blurs your vision.
   It has a curse placed upon it.
   { (Curse: rF-)}
 P - the amulet of Vitality (around neck) {Regen+ HP+15}
   (You found it in the Dungeon)

   [amulet of regeneration]

   It affects your health (+15).
   It increases your rate of regeneration.
 Z - the ring "Ciaxkidi" (right hand) {rN++ Str+3 Stlth+}
   (You found it in the Dungeon)

   [ring of stealth]

   It affects your strength (+3).
   It greatly protects you from negative energy.
   It makes you more stealthy.
Wands
 d - a wand of ensnaring (11)
 F - a wand of disintegration (7)
 G - a wand of iceblast (6)
 H - a wand of acid (7)
Scrolls
 k - 2 scrolls of blinking
 u - 4 scrolls of amnesia
 v - 7 scrolls of fog
 w - a scroll of holy word
 x - 7 scrolls of bless item
 y - 2 scrolls of fear
 Y - 17 scrolls of enchantment
Potions
 b - a potion of cancellation
 e - 9 potions of curing
 g - 6 potions of heal wounds
 h - 10 potions of haste
 i - 7 potions of magic
 j - 2 potions of berserk rage
 o - 2 potions of brilliance
 p - 2 potions of invisibility
 q - 4 potions of resistance
 s - 6 potions of agility
 t - 4 potions of might
Miscellaneous
 c - 3 phantom mirrors
 Q - a lamp of fire
 S - 3 boxes of beasts
 U - a phial of floods
Comestibles
 f - 8 rations


   Skills:
 + Level 22.9 Fighting
 - Level 26.0 Polearms
 + Level 18.5 Armour
 - Level 26.0 Dodging
 + Level 5.6 Evocations


You had 14 spell levels left.
You didn't know any spells.
Your spell library contained the following spells:

 Spells                   Type           Power        Failure   Level  Hunger
 Confusing Touch          Hex            0 (50)       78%         1    ##.....
 Flame Tongue             Fire           0 (30)       78%         1    ##.....
 Foxfire                  Fire           0 (25)       78%         1    ##.....
 Freeze                   Ice            0 (25)       78%         1    ##.....
 Infusion                 Chrm           0 (25)       78%         1    ##.....
 Magic Candle             Hex/Fire       0 (90)       78%         1    ##.....
 Poisonous Vapours        Pois/Air       0 (50)       78%         1    ##.....
 Sandblast                Erth           0 (50)       78%         1    ##.....
 Blink                    Tloc           N/A          89%         2    ###....
 Call Imp                 Summ           0 (100)      89%         2    ###....
 Corpse Rot               Tmut/Necr      N/A          89%         2    ###....
 Ensorcelled Hibernation  Hex/Ice        0 (50)       89%         2    ###....
 Passwall                 Tmut/Erth      0 (120)      89%         2    ###....
 Shroud of Golubria       Chrm/Tloc      0 (200)      89%         2    ###....
 Song of Slaying          Chrm           0 (100)      89%         2    ###....
 Sting                    Pois           0 (25)       89%         2    ###....
 Confuse                  Hex            0 (100)      98%         3    ####...
 Conjure Flame            Fire           0 (100)      98%         3    ####...
 Gell's Gravitas          Tloc           0 (200)      98%         3    ####...
 Mephitic Cloud           Pois/Air       0 (100)      98%         3    ####...
 Portal Projectile        Chrm/Tloc      0 (50)       98%         3    ####...
 Pryten's Skeletal Upris  Chrm/Necr      0 (200)      98%         3    ####...
 Regeneration             Chrm/Necr      0 (200)      98%         3    ####...
 Scorpion Form            Tmut/Pois      0 (200)      98%         3    ####...
 Snakes to Sticks         Hex/Tmut       0 (100)      98%         3    ####...
 Spectral Weapon          Chrm/Summ      0 (100)      98%         3    ####...
 Stone Arrow              Erth           0 (50)       98%         3    ####...
 Cause Fear               Hex            0 (200)      100%        4    #####..
 Force Lance              Tloc/Air       0 (200)      100%        4    #####..
 Ice Form                 Ice/Tmut       0 (100)      100%        4    #####..
 Leda's Liquefaction      Tmut/Erth      0 (200)      100%        4    #####..
 Muse Oam's Air Blast     Tloc/Air       0 (100)      100%        4    #####..
 Petrify                  Tmut/Erth      0 (100)      100%        4    #####..
 Sticky Flame             Fire/Pois      0 (100)      100%        4    #####..
 Still Winds              Hex/Air        0 (200)      100%        4    #####..
 Summon Ice Beast         Ice/Summ       0 (100)      100%        4    #####..
 Throw Icicle             Ice            0 (100)      100%        4    #####..
 Bolt of Magma            Fire/Erth      0 (200)      100%        5    ######.
 Excruciating Wounds      Chrm/Necr      0 (200)      100%        5    ######.
 Lee's Rapid Deconstruct  Erth           0 (200)      100%        5    ######.
 Methodical Deconstructi  Erth           0 (200)      100%        5    ######.
 Silence                  Hex/Air        0 (200)      100%        5    ######.
 Summon Forest            Summ/Erth      0 (200)      100%        5    ######.
 Summon Spider Mount      Summ/Pois      0 (200)      100%        5    ######.
 Yara's Violent Unravell  Hex/Tmut       0 (200)      100%        5    ######.
 Bolt of Cold             Ice            0 (200)      100%        6    #######
 Borgnjor's Vile Clutch   Necr/Erth      0 (200)      100%        6    #######
 Darkness                 Hex            0 (200)      100%        6    #######
 Deflect Missiles         Chrm/Air       0 (200)      100%        6    #######
 Dispersal                Tloc           0 (200)      100%        6    #######
 Eringya's Noxious Bog    Tmut/Pois      0 (200)      100%        6    #######
 Freezing Cloud           Ice/Air        0 (200)      100%        6    #######
 Iron Shot                Erth           0 (200)      100%        6    #######
 Ozocubu's Refrigeration  Ice            0 (200)      100%        6    #######
 Ring of Flames           Chrm/Fire      0 (200)      100%        6    #######
 Shadow Creatures         Summ           N/A          100%        6    #######
 Simulacrum               Ice/Necr       0 (200)      100%        6    #######
 Statue Form              Tmut/Erth      0 (150)      100%        6    #######
 Summon Hydra Mount       Summ           0 (200)      100%        6    #######
 Tunneling                Erth           0 (200)      100%        6    #######
 Controlled Blink         Tloc           0 (100)      100%        7    #######
 Haunt                    Necr/Summ      0 (200)      100%        7    #######
 Infestation              Tmut/Pois      0 (200)      100%        7    #######
 Borgnjor's Revivificati  Necr           0 (200)      100%        8    #######
 Death's Door             Chrm/Necr      0 (200)      100%        8    #######
 Disjunction              Tloc           0 (200)      100%        8    #######
 Necromutation            Tmut/Necr      0 (200)      100%        8    #######
 Shatter                  Erth           0 (200)      100%        9    #######


Dungeon Overview and Level Annotations

Branches:
Dungeon (1/1)

Altars:
Ashenzari
Cheibriados
Dithmenos
Elyvilon
Fedhas Madash
Gozag Ym Sagoz
Hepliaklqana
Kikubaaqudgha
Makhleb
Nemelex Xobeh
Okawaru
Qazlal
Ru
Sif Muna
Trog
Uskayaw
Vehumet
Wu Jian
Xom
Yredelemnul
Zin
The Shining One Bahamut & Tiamat
Beogh
Jiyva
Lugonu

Annotations:
D 1 transporter


Innate Abilities, Weirdness & Mutations

You are cold resistant. (rC+)
On contact with water, your feet merge into a fishtail, which allows you to swim quickly, evasively and stealthily.


Message History

The emperor scorpion's corpse disappears in a puff of smoke!
The emperor scorpion disappears in a puff of smoke! x3
The death scarab closely misses you (0).
The greater mummy casts a spell.
Unknown command.
Unknown command.
A red film seems to cover your vision as you go berserk!
You feel yourself moving faster!
You feel mighty!
The death scarab bites you but does no damage.
The greater mummy calls on the powers of darkness!
Your body is wracked with pain!
* * * LOW HITPOINT WARNING * * *
The emperor scorpion convulses! x5
The greater mummy drops a +6 shielded staff of earth.
The greater mummy picks up the cursed +6 falchion "Tamuoxza" {slice, rPois Dex+6 +Vis, (Curse: *Drain)}.
The greater mummy wields the cursed +6 falchion "Tamuoxza" {slice, rPois Dex+6 +Vis, (Curse: *Drain)}.
The mummy priest hits you but does no damage.
The greater mummy casts a spell at you. Something smites you!
You die...

▓..▓▓▓.....▓▓▓..▓▓▓▓▓▓▓▓▓▓▓
▓...▓.......▓...▓.....8©8..
▓...............▓.}}).|.)..
▓.......©.......▓....|}).)}
▓▓▓▓▓▓▓▓▓▓▓▓▓▓▓▓▓..".......
▓......8©8......▓.......==.
▓..%)})}|4}=]}..▓..........
▓..}|})M|M):=)..▓..........
▓....:M○MM@)....▓..........
▓...n†M48†B.....▓..▓..))...
▓....4°§°s°.....▓.▓▓▓...).▓
▓....MMz.ss.....▓..▓..÷÷...
▓....s○8†.§.....▓..........
▓....s..§.......▓......©...
▓...............▓▓▓▓▓▓▓▓▓▓▓
▓...............▓
▓...▓.......▓...


You could see 4 greater mummies, 5 emperor scorpions, 3 mummy priests, an orange
demon, a hellwing, 2 ushabtiu, an ice devil, a death scarab, a necrophage, a
mummy and a wight.

Vanquished Creatures
  A shard shrike (shapeshifter) (D)
  A lich (D)
  A caustic shrike (shapeshifter) (D)
  An Executioner (D)
  A pandemonium lord (D)
  A shadow dragon (D)
  A frost giant (D)
  A ghost moth (shapeshifter) (D)
  A draconian scorcher (D)
  3 orc warlords (D)
  3 reapers (D)
  A scintillating draconian (D)
  A silver draconian (D)
  A blue draconian (D)
  A turquoise draconian (D)
  A white draconian (D)
  2 pearl draconians (D)
  A black draconian (D)
  A red draconian (D)
  A blood draconian (D)
  A bone draconian (D)
  A fire dragon (D)
  2 blizzard demons (D)
  3 mummy priests (D)
  A soul eater (D)
  3 stone giants (D)
  An ettin (D)
  5 vault guards (D)
  2 death scarabs (D)
  An orc high priest (D)
  A spriggan druid (D)
  5 two-headed ogres (D)
  An anaconda (D)
  A two-headed ogre (shapeshifter) (D)
  2 death drakes (D)
  2 swamp dragons (D)
  4 orc knights (D)
  A hydra (D)
  A centaur warrior (D)
  A skeletal warrior (D)
  A sixfirhy (D)
  A sun demon (D)
  A rust devil (D)
  6 draconians (D)
  6 orc sorcerers (D)
  A rock worm (shapeshifter) (D)
  An orb spider (shapeshifter) (D)
  A deep elf mage (D)
  A hellion (D)
  2 water nymphs (shapeshifter) (D)
  A black mamba (shapeshifter) (D)
  2 hellwings (D)
  2 rime drakes (D)
  An ice devil (D)
  6 trolls (D)
  An elephant (shapeshifter) (D)
  A yaktaur (shapeshifter) (D)
  2 tormentors (D)
  A komodo dragon (shapeshifter) (D)
  A wind drake (D)
  A wind drake (shapeshifter) (D)
  2 ynoxinuls (D)
  A hornet (D)
  5 merfolk (D)
  A wraith (D)
  4 cyclopes (D)
  A hippogriff (shapeshifter) (D)
  A flying skull (D)
  4 spriggans (D)
  5 air elementals (D)
  A neqoxec (D)
  A shadow (D)
  A water elemental (D)
  A hippogriff (D)
  2 yaks (shapeshifter) (D)
  A fire bat (shapeshifter) (D)
  2 ushabtiu (D)
  4 wargs (D)
  A swamp worm (shapeshifter) (D)
  10 orc warriors (D)
  A porcupine (D)
  2 hell hounds (D)
  2 necrophages (D)
  2 swamp drakes (D)
  A black bear (D)
  12 ogres (D)
  A bullfrog (D)
  4 centaurs (D)
  A wight (D)
  2 orc wizards (D)
  9 mummies (D)
  An iguana (D)
  A sewer rat (D)
  2 adder skeletons (D)
  7 adder zombies (D)
  3 bat skeletons (D)
  2 bat zombies (D)
  A jackal zombie (D)
  A leopard gecko zombie (D)
  A quokka skeleton (D)
208 creatures vanquished.

Vanquished Creatures (collateral kills)
  A frost giant (D)
  2 stone giants (D)
  2 vault guards (D)
  A death drake (shapeshifter) (D)
  A deep troll (shapeshifter) (D)
  2 draconians (D)
  A troll (shapeshifter) (D)
  A yaktaur (D)
  2 trolls (D)
  2 cyclopes (D)
  A steam dragon (D)
  A wyvern (shapeshifter) (D)
  A slime creature (shapeshifter) (D)
  2 floating eyes (shapeshifter) (D)
  2 ogres (D)
22 creatures vanquished.

Vanquished Creatures (others)
  A black draconian (D)
  An olive draconian (D)
  A hippogriff (D)
  2 insubstantial wisps (D)
5 creatures vanquished.

Grand Total: 235 creatures vanquished

Notes
Turn   | Place    | Note
-------+----------+-------------------------------------------
     0 | D        | diana the Merfolk Gladiator began the quest for the Orb.
     0 | D        | Reached XP level 1. HP: 14/14 MP: 2/2
     3 | D        | Found a blossoming altar of Fedhas.
     4 | D        | Found the +6 Majin-Bo {vampiric, corrupt archmagi; MP+6
                  | Int+6}
     4 | D        | Found the +9 ballista "Sniper" {velocity, Acc+∞ +Vis}
     4 | D        | Found the +10 dark maul {crush}
     4 | D        | Found the +15 Maxwell's patent armour {-Cast -Tele rElec
                  | MR+ rCorr}
     4 | D        | Found the +18 shield of the Gong {rElec rN+ MR+ EV-5}
     4 | D        | Found the +14 obsidian axe {chop, +Fly +Vis Soulbond}
     4 | D        | Found the +7 great mace "Firestarter" {inner flame, rF++}
     4 | D        | Found the +6 shillelagh "Devastator" {shatter}
     4 | D        | Found the +11 plutonium sword {*Contam Stlth-}
     4 | D        | Found the +8 lance "Wyrmbane" {slay drac, rPois rF+ rC+
                  | AC+3}
     4 | D        | Found the +9 sword of Zonguldrok {reap}
     4 | D        | Found the +13 scythe of Curses {drain, Soulbond}
     4 | D        | Found the +0 sword of Power
     4 | D        | Found the +7 mace of Variability {chain chaos}
     4 | D        | Found the +7 Singing Sword {slice, sonic wave}
     4 | D        | Found the +8 storm bow {elec, penet}
     5 | D        | Found a shimmering blue altar of Sif Muna.
     5 | D        | Found a sacrificial altar of Ru.
     5 | D        | Found a bloodstained altar of Trog.
     5 | D        | Found a stormy altar of Qazlal.
     5 | D        | Found an iron altar of Okawaru.
     5 | D        | Found a sparkling altar of Nemelex Xobeh.
     7 | D        | Found a transporter.
     7 | D        | Found an ancient bone altar of Kikubaaqudgha.
     7 | D        | Found a viscous altar of Jiyva.
     7 | D        | Found a corrupted altar of Lugonu.
     7 | D        | Found a hazy altar of Hepliaklqana.
     7 | D        | Found a burning altar of Makhleb.
     7 | D        | Found an opulent altar of Gozag.
   187 | D        | Reached XP level 2. HP: 23/23 MP: 3/3
   205 | D        | Entered arena 2.
   205 | D        | Noticed a deep elf mage
   205 | D        | Noticed a water elemental
   205 | D        | Found a transporter.
   208 | D        | Killed a deep elf mage
   208 | D        | Reached skill level 10 in Polearms
   208 | D        | Reached skill level 5 in Armour
   208 | D        | Reached skill level 10 in Dodging
   208 | D        | Reached XP level 3. HP: 33/33 MP: 4/4
   208 | D        | Reached XP level 4. HP: 39/39 MP: 5/5
   208 | D        | Reached XP level 5. HP: 44/44 MP: 6/6
   208 | D        | Reached XP level 6. HP: 50/50 MP: 7/7
   209 | D        | Killed a water elemental
   209 | D        | Reached XP level 7. HP: 56/56 MP: 8/8
   219 | D        | Entered arena 3.
   219 | D        | Found a transporter.
   236 | D        | Entered arena 4.
   236 | D        | Noticed a draconian
   236 | D        | Noticed a draconian
   236 | D        | Noticed a draconian
   236 | D        | Noticed a draconian
   236 | D        | Found a transporter.
   241 | D        | Killed a draconian
   241 | D        | Reached skill level 10 in Fighting
   241 | D        | Reached XP level 8. HP: 64/64 MP: 9/9
   242 | D        | Killed a draconian
   242 | D        | Killed a draconian
   242 | D        | Reached XP level 9. HP: 54/71 MP: 10/10
   242 | D        | Killed a draconian
   322 | D        | Entered arena 5.
   322 | D        | Found a transporter.
   334 | D        | Entered arena 6.
   334 | D        | Noticed a draconian
   334 | D        | Noticed a draconian
   334 | D        | Noticed a draconian
   334 | D        | Noticed a draconian
   334 | D        | Noticed a silver draconian
   334 | D        | Found a transporter.
   337 | D        | Killed a draconian
   338 | D        | Killed a draconian
   338 | D        | Killed a draconian
   339 | D        | Killed a silver draconian
   339 | D        | Reached skill level 15 in Polearms
   339 | D        | Reached skill level 10 in Armour
   339 | D        | Reached skill level 15 in Dodging
   339 | D        | Reached XP level 10. HP: 70/81 MP: 11/11
   340 | D        | Killed a draconian
   363 | D        | Entered arena 7.
   363 | D        | Noticed a spriggan rider
   363 | D        | Noticed a spriggan druid
   364 | D        | Found a transporter.
   368 | D        | Killed a spriggan druid
   578 | D        | Entered arena 8.
   578 | D        | Noticed a centaur warrior
   578 | D        | Noticed an anaconda
   580 | D        | Killed an anaconda
   580 | D        | Reached XP level 11. HP: 89/89 MP: 12/12
   581 | D        | Found a transporter.
   584 | D        | Killed a centaur warrior
   593 | D        | Got the cursed ring "Emiotofi" {Wiz rF+ Int+2, (Curse:
                  | MR-)}
   598 | D        | Got the cursed amulet "Naxat" {-Vis rC+ rN+ MR+, (Curse:
                  | rF-)}
   618 | D        | Entered arena 9.
   619 | D        | Found a transporter.
   651 | D        | Entered arena 10.
   652 | D        | Found a transporter.
   689 | D        | Entered arena 11.
   690 | D        | Found a transporter.
   694 | D        | Reached skill level 15 in Fighting
   734 | D        | Got Sif Muna's Tome of Flames
   877 | D        | Entered arena 12.
   877 | D        | Noticed a lich
   877 | D        | Noticed a vault guard
   877 | D        | Noticed a vault guard
   877 | D        | Noticed a vault guard
   877 | D        | Noticed a vault guard
   878 | D        | Noticed a vault guard
   878 | D        | Noticed a vault guard
   878 | D        | Noticed a vault guard
   879 | D        | Found a transporter.
   883 | D        | Killed a lich
   883 | D        | Killed a vault guard
   883 | D        | Reached XP level 12. HP: 97/99 MP: 13/13
   885 | D        | Killed a shadow dragon
  1047 | D        | Entered arena 13.
  1047 | D        | Noticed a fire dragon
  1049 | D        | Found the +10 large shield of Ignorance {rN+ Int-4}
  1049 | D        | Found a transporter.
  1055 | D        | Killed a fire dragon
  1174 | D        | Got the cursed ring of Temptation {rPois rN+ EV+5 Str-2
                  | Stlth+, (Curse: MP-9)}
  1185 | D        | Got the Catalogue of Fire
  1191 | D        | Got Sif Muna's Papyrus of the Blaze
  1203 | D        | Entered arena 14.
  1204 | D        | Noticed a blizzard demon
  1204 | D        | Noticed a blizzard demon
  1205 | D        | Noticed Ratumeg the pandemonium lord
  1205 | D        | Noticed an Executioner
  1211 | D        | Killed a blizzard demon
  1211 | D        | Reached XP level 13. HP: 108/108 MP: 14/14
  1212 | D        | Killed a blizzard demon
  1212 | D        | Killed an Executioner
  1215 | D        | Killed Ratumeg the pandemonium lord
  1216 | D        | Found a transporter.
  1413 | D        | Entered arena 15.
  1414 | D        | Noticed a turquoise draconian
  1414 | D        | Noticed a white draconian
  1414 | D        | Noticed a black draconian
  1414 | D        | Noticed a red draconian
  1414 | D        | Noticed a blue draconian
  1414 | D        | Noticed a pearl draconian
  1414 | D        | Noticed a pearl draconian
  1414 | D        | Noticed a scintillating draconian
  1414 | D        | Noticed an olive draconian
  1415 | D        | Noticed a lime draconian scorcher
  1417 | D        | Noticed a bone draconian
  1417 | D        | Noticed a black draconian
  1417 | D        | Noticed a blood draconian
  1419 | D        | Killed a white draconian
  1420 | D        | Killed a pearl draconian
  1420 | D        | Killed a black draconian
  1421 | D        | Killed a turquoise draconian
  1421 | D        | Reached skill level 15 in Armour
  1422 | D        | Killed an olive draconian
  1423 | D        | Killed a pearl draconian
  1423 | D        | Killed a red draconian
  1426 | D        | Killed a scintillating draconian
  1426 | D        | Killed a blue draconian
  1427 | D        | Killed a black draconian
  1429 | D        | Killed a bone draconian
  1429 | D        | Reached XP level 14. HP: 30/119 MP: 15/15
  1430 | D        | Killed a lime draconian scorcher
  1431 | D        | Found a transporter.
  1615 | D        | Entered arena 16.
  1629 | D        | Noticed an orc warlord
  1629 | D        | Noticed an orc warlord
  1631 | D        | Found a transporter.
  1637 | D        | Killed an orc warlord
  1638 | D        | Killed an orc warlord
  1689 | D        | Got the Catalogue of Heat
  1790 | D        | Entered arena 17.
  1816 | D        | Found the amulet of Vitality {Regen+ HP+15}
  1816 | D        | Found a transporter.
  1840 | D        | Got the Catalogue of Ignition
  1872 | D        | Entered arena 18.
  1883 | D        | Noticed an orc warlord
  1894 | D        | Identified the ring of Osi Foijaheq {-Vis rElec rPois Int+7
                  | Stlth-}
  1896 | D        | Killed an orc warlord
  1897 | D        | Identified the +6 staff "Finexuen" {flay, cold; rF+ rC+
                  | Str+3 Slay+2}
  1907 | D        | Found a transporter.
  1938 | D        | Got the Incunabulum of Heat
  1956 | D        | Got the cursed ring of Dishonesty {rC+ rN+ Str+5 Int-5
                  | Stlth+, (Curse: *Corrode *Drain)}
  1958 | D        | Got the +0 helmet of Knowledge {rElec rF+ MR- Str+3}
  2014 | D        | Entered arena 19.
  2016 | D        | Noticed a reaper
  2016 | D        | Noticed a reaper
  2022 | D        | Killed a reaper
  2026 | D        | Killed a reaper
  2034 | D        | HP: 3/139 [hellion/hellfire blast (22)]
  2144 | D        | Found the +2 shield of Resistance {rF+ rC+ MR+}
  2151 | D        | Found a transporter.
  2170 | D        | Got the ring "Ciaxkidi" {rN++ Str+3 Stlth+}
  2254 | D        | Entered arena 20.
  2259 | D        | Noticed a frost giant
  2271 | D        | Noticed a frost giant
  2273 | D        | Reached XP level 15. HP: 128/129 MP: 16/16
  2283 | D        | Found the +3 warlock's mirror {reflect}
  2284 | D        | Found a transporter.
  2396 | D        | Entered arena 21.
  2401 | D        | Noticed a shard shrike
  2405 | D        | Killed a shard shrike
  2405 | D        | Noticed a plutonium crab
  2405 | D        | a wolf spider changed into a plutonium crab
  2405 | D        | Noticed a quicksilver dragon
  2406 | D        | Noticed an iron dragon
  2406 | D        | a quicksilver dragon changed into an iron dragon
  2408 | D        | an iron dragon changed into a boulder beetle
  2411 | D        | Noticed a caustic shrike
  2411 | D        | a boulder beetle changed into a caustic shrike
  2413 | D        | a plutonium crab changed into a floating eye
  2420 | D        | Killed a caustic shrike
  2426 | D        | Found a transporter.
  2547 | D        | Entered arena 22.
  2636 | D        | Noticed a greater mummy
  2638 | D        | Noticed a greater mummy
  2639 | D        | Identified the cursed +6 falchion "Tamuoxza" {slice, rPois
                  | Dex+6 +Vis, (Curse: *Drain)}
  2640 | D        | Found a transporter.
  2640 | D        | Noticed a greater mummy
  2640 | D        | Noticed a greater mummy
  2643 | D        | Reached skill level 5 in Evocations
  2647 | D        | Killed from afar by a greater mummy

Levels and vault maps discovered:
D:        sprint_v [room_start, room_1, room_2, room_3, room_4, room_5, room_6,
          room_7, room_8, room_9, room_10, room_11, room_12, room_13, room_14,
          room_15, room_16, room_17, room_18, room_19, room_20, room_21,
          room_22, room_23, room_24, room_25, room_26, room_27]

Skill      XL: |  1  2  3  4  5  6  7  8  9 10 11 12 13 14 15 |
---------------+----------------------------------------------+-----
Fighting       | 4 8 10 12 13 15 17 19 21 22 | 22.9
Polearms       | 6 10 12 13 15 16 18 20 22 24 26 | 26.0
Armour         | 2 5 6 7 8 10 11 12 13 15 17 18 | 18.5
Dodging        | 6 10 12 13 15 16 18 20 22 24 26 | 26.0
Evocations     | 5 |  5.6

Action                   |  1- 3 |  4- 6 |  7- 9 | 10-12 | 13-15 || total
-------------------------+-------+-------+-------+-------+-------++-------
Melee: Scythe            |     1 |     1 |    13 |    45 |    97 ||   157
Throw: Stone             |     1 |       |       |       |       ||     1
       Rusty metal       |     1 |       |       |       |       ||     1
Evoke: Wand              |       |       |     2 |       |       ||     2
       Box of beasts     |       |       |       |     1 |       ||     1
  Use: Potion            |     1 |       |       |     2 |     6 ||     9
       Scroll            |       |       |       |       |     9 ||     9
 Stab: Distracted        |       |       |       |       |     3 ||     3
  Eat: Chunk             |       |       |       |       |     4 ||     4
Armor: Plate armour      |       |       |     8 |    28 |    36 ||    72
       Gold dragon scale |       |       |       |       |    14 ||    14
Dodge: Dodged            |       |     2 |     6 |    43 |    67 ||   118
